 Seeded DCSS version 0.29-a0-841-g116ddc6ace (webtiles) character file.

Game seed: 8897551386731462229 (custom seed)

21 wilfster70 the Trooper (level 2, 20/20 HPs)
             Began as a Gargoyle Fighter on July 14, 2022.
             Quit the game on level 1 of the Dungeon.
             The game lasted 00:02:07 (1019 turns).

wilfster70 the Trooper (Gargoyle Fighter)           Turns: 1019, Time: 00:02:08

Health: 20/20      AC: 10    Str: 19    XL:     2   Next: 83%
Magic:  2/2        EV:  9    Int:  8    God:
Gold:   865        SH:  4    Dex:  9    Spells: 1/1 levels left

rFire   + . .      SeeInvis .   a - +0 war axe
rCold   . . .      Faith    .   c - +0 buckler
rNeg    + . .      Spirit   .   b - +0 scale mail
rPois   ∞          Reflect  .   (no helmet)
rElec   +          Harm     .   (no cloak)
rCorr   .          Rampage  .   g - +0 pair of gloves
Will    .....                   (no boots)
Stlth   ..........              (no amulet)
HPRegen 0.06/turn               l - ring of protection from fire
MPRegen 0.08/turn               (no ring)

@: no status effects
A: sickness immunity, AC +2, negative energy resistance 1, electricity
resistance, torment resistance 1, petrification resistance
a: no special abilities


You were on level 1 of the Dungeon.
You visited 1 branch of the dungeon, and saw 1 of its levels.

You collected 865 gold pieces.

Inventory:

Hand Weapons
 a - a +0 war axe (weapon)
Missiles
 f - 2 javelins (quivered)
Armour
 b - a +0 scale mail (worn)
 c - a +0 buckler (worn)
 g - a +0 pair of gloves (worn)
Jewellery
 l - a ring of protection from fire (left hand)
Scrolls
 h - a scroll of enchant armour {unknown}
 i - 2 scrolls of poison {unknown}
 j - a scroll of magic mapping {unknown}
 k - a scroll of noise {unknown}
Potions
 d - a potion of might
 e - a potion of curing {unknown}


   Skills:
 + Level 3.6 Fighting
 * Level 2.6 Axes
 - Level 3.2 Armour
 - Level 3.2 Shields


You had one spell level left.
You didn't know any spells.
Your spell library contained the following spells:

 Spells                   Type           Power      Damage    Failure   Level
 Apportation              Tloc           0%         N/A       86%         1
 Necrotise                Necr           0%         1d4       86%         1
 Summon Small Mammal      Summ           0%         N/A       86%         1


Dungeon Overview and Level Annotations

Branches:
Dungeon (1/15)

Altars:


Innate Abilities, Weirdness & Mutations

You are immune to sickness and miasma.
Your stone body is resilient. (AC +2)
You are immune to poison.
You resist negative energy. (rN+)
You are resistant to electric shocks. (rElec)
You are resistant to unholy torment.
You are immune to petrification.


Message History

Found a scroll labelled SEAPEI FOCOSA.
The frilled lizard barely misses you.
You slash the frilled lizard!
You kill the frilled lizard!
No target in view!
No target in view!
Found an escape hatch in the floor.
i - a scroll labelled TANIPI VUNG
j - a scroll labelled UCVAEQEECA
k - a scroll labelled SEAPEI FOCOSA An endoplasm and a frilled lizard come into view.
The endoplasm quivers.
The frilled lizard hisses angrily.
There are monsters nearby!
You hit the endoplasm.
You kill the endoplasm!
The frilled lizard bites you but does no damage.
You miss the frilled lizard. The frilled lizard closely misses you.
The frilled lizard bites you but does no damage.
You hit the frilled lizard.
You kill the frilled lizard!
You see here a frilled lizard corpse.
You now have 849 gold pieces (gained 14).
i - 2 scrolls labelled TANIPI VUNG (gained 1)
l - a scroll of acquirement You now have 857 gold pieces (gained 8).
Found 5 stones.
Okay, then.
Something appears at your feet!
l - a ring of protection from fire
l - a ring of protection from fire (left hand)
You see here 5 stones.
You see here 5 stones.
Things that are here:
a jackal skeleton; a jackal skeleton; a jackal skeleton
There is an open door here.
Found a plate armour.
You see here a +0 plate armour.
You now have 865 gold pieces (gained 8).
You see here a +0 plate armour.
Are you sure you want to abandon this character and quit the game? (Confirm with "yes".)

#.## #.# #.#
#######.####
#......>....
#######.##########
#.....#.##########
#.###.#..........#
#@# #.##########.#
#.# #.# #.... #.#
#.########.#.. #.#
#..........#.. #.#
############.. ...
......... ###
#########


There were no monsters in sight!

Vanquished Creatures
  A dart slug (D:1)
  A bat (D:1)
  3 endoplasms (D:1)
  2 hobgoblins (D:1)
  4 jackals (D:1)
  A kobold (D:1)
  4 frilled lizards (D:1)
16 creatures vanquished.

Notes
Turn   | Place    | Note
-------+----------+-------------------------------------------
     0 | D:1      | wilfster70 the Gargoyle Fighter began the quest for the
                  | Orb.
     0 | D:1      | Reached XP level 1. HP: 14/14 MP: 1/1
   413 | D:1      | Reached XP level 2. HP: 7/19 MP: 2/2
   663 | D:1      | Identified a scroll of acquirement
   663 | D:1      | Acquired 774 gold pieces
   935 | D:1      | Acquired a ring of protection from fire
  1019 | D:1      | Quit the game

Illustrated notes

Levels and vault maps discovered:
D:1:      lemuel_arrival_behind_the_door_large, layout_basic, minivault_24,
          dreamdust_wishing_well, moated_statue, minmay_hedge_maze

Skill      XL: |  1 |
---------------+----+-----
Axes           | 2 |  2.6
Fighting       | |  3.6
Armour         | |  3.2
Shields        | |  3.2

Action                   || total
-------------------------++-------
Melee: War axe           ||    65
  Use: Scroll            ||     2
Armor: Scale mail        ||    33
Dodge: Dodged            ||    21
Block: Buckler           ||    14

Table legend: (Time is in decaauts)
 A = Elapsed time spent in this place.
 B = Non-inter-level travel time spent in this place.
 C = Inter-level travel time spent in this place.
 D = Time resting spent in this place.
 E = Time spent auto-exploring this place.
 F = Levels seen in this place.
 G = Mean time per level.
                   A        B        C        D        E       F      G
               +--------+--------+--------+--------+--------+-----+--------+
         Total |   1046 |   1046 |      0 |    465 |    306 |   1 | 1046.0 |
       Dungeon |   1046 |   1046 |      0 |    465 |    306 |   1 | 1046.0 |
               +--------+--------+--------+--------+--------+-----+--------+

Top non-repeatable levels by time:
     D:1: 1046 daAuts
